Map: Equilibrium LE

Players

NNYJHO - Winner!

  • Race: Terran Terran
  • League: Silver
  • Spawn Location: 1:00

demzi

  • Race: Zerg Zerg
  • League: Silver
  • Spawn Location: 11:00

VOD

Have the link to the VOD?

Description

Time

  • Played on: March 20, 2024, 4:41 p.m.
  • Length: 41:16
Show
View Real Time Build Order
Export as new Build Order

NNYJHO Terran - Winner!

Build Orders: 2 Factory, Command Center First 

Get SALT Encoding   

  12  0:02  SCV  
  13  0:15  SCV  
  14  0:31  Supply Depot, SCV  
  15  0:59  SCV  
  15  1:00  Command Center  
  16  1:11  Barracks  
  16  1:15  SCV  
  17  1:28  SCV  
  18  1:43  Barracks  
  18  1:45  SCV, Refinery  
  19  1:57  SCV  
  20  2:03  Refinery  
  20  2:13  Orbital Command  
  20  2:22  Orbital Command  
  20  2:27  Marine  
  21  2:38  Bunker  
  21  2:39  Barracks Reactor  
  21  2:44  Marine  
  21  2:48  SCV  
  23  2:59  SCV  
  23  3:00  SCV  
  25  3:09  Barracks Reactor  
  25  3:11  SCV  
  26  3:15  Bunker  
  26  3:16  SCV  
  27  3:23  SCV  
  27  3:26  Factory  
  28  3:28  SCV  
  28  3:29  Factory  
  29  3:35  SCV  
  29  3:36  Unknown  
  29  3:40  SCV  
  29  3:41  Marine x2  
  33  3:53  Marine x2  
  35  3:58  Marine  
  35  3:59  Marine  
  35  4:00  Command Center  
  35  4:01  SCV  
  38  4:19  Supply Depot  
  38  4:20  Supply Depot  
  38  4:24  Factory Tech Lab x2  
  38  4:25  Supply Depot  
  38  4:38  Engineering Bay  
  38  4:39  Engineering Bay  
  38  4:40  SCV x2, Marine x2  
  38  4:41  Supply Depot  
  38  4:45  Marine x2  
  44  4:55  SCV x2  
  44  4:58  Marine x2  
  48  5:03  Marine x2  
  48  5:05  Siege Tank x2  
  56  5:07  SCV x2  
  58  5:14  Terran Infantry Weapons Level 1, Terran Infantry Armor Level 1  
  58  5:25  Starport  
  58  5:27  Starport  
  58  5:28  Starport  
  58  5:34  Barracks  
  58  5:39  Barracks  
  58  5:42  Barracks  
  58  5:47  Siege Tank x2  
  58  5:49  Orbital Command  
  64  6:04  SCV x2  
  64  6:06  Barracks  
  64  6:10  Starport Reactor x3  
  66  6:16  SCV x2  
  68  6:20  SCV  
  69  6:28  SCV x2  
  69  6:32  SCV  
  72  6:36  Missile Turret  
  72  6:40  SCV  
  72  6:44  SCV  
  72  6:46  Missile Turret  
  74  6:51  Barracks Tech Lab x2  
  74  6:52  Barracks Tech Lab, SCV  
  75  6:54  Barracks Reactor  
  75  6:56  SCV  
  75  6:57  Medivac x2  
  75  6:58  Medivac x2  
  84  7:04  SCV  
  84  7:07  Refinery  
  84  7:08  Hi-Sec Auto Tracking, Neosteel Armor, Refinery  
  85  7:17  Supply Depot  
  85  7:18  Supply Depot  
  85  7:19  Supply Depot  
  85  7:21  Supply Depot  
  85  7:23  Supply Depot  
  85  7:25  Supply Depot  
  85  7:26  Supply Depot  
  85  7:33  Armory  
  85  7:34  Armory  
  85  7:38  Combat Shield, SCV, Medivac  
  85  7:39  Stimpack, Concussive Shells  
  85  7:43  Marauder x2  
  85  7:44  Marauder  
  94  8:05  Missile Turret, Marauder  
  96  8:06  Missile Turret  
  96  8:21  Terran Infantry Weapons Level 2  
  96  8:24  Terran Vehicle Weapons Level 1  
  96  8:25  Terran Vehicle And Ship Armor Level 1, Supply Depot  
  96  8:26  Supply Depot  
  96  8:30  SCV x3  
  99  8:42  SCV x3  
  99  8:47  Siege Tank x2  
  103  8:48  Terran Infantry Armor Level 2, Supply Depot  
  103  8:54  SCV  
  99  9:07  SCV x3  
  102  9:19  Siege Tank x2, SCV x3  
  102  9:23  Command Center  
  111  9:31  SCV  
  111  9:35  Liberator x5  
  111  9:36  Liberator  
  130  10:07  Barracks  
  130  10:12  Marauder x2  
  130  10:13  Marine, Marauder  
  130  10:14  Marine  
  128  10:31  Marine  
  128  10:32  Marine  
  128  10:34  Marauder x3  
  136  10:44  Orbital Command  
  136  10:49  Marine x2  
  137  10:55  Marauder x3, Refinery  
  137  10:56  Refinery  
  144  11:06  Marine  
  144  11:07  Marine  
  144  11:09  Missile Turret  
  146  11:16  Marauder, Marine  
  146  11:17  Marauder  
  146  11:18  Missile Turret  
  151  11:19  Missile Turret  
  151  11:24  Marine  
  151  11:25  Marine  
  153  11:26  Widow Mine x2  
  157  11:33  Missile Turret, Hurricane Engines  
  157  11:34  Marine, Drilling Claws  
  157  11:37  Marine x2  
  157  11:39  Viking x5  
  170  11:40  Viking  
  170  11:42  Marine  
  170  11:43  Marine  
  170  11:48  Widow Mine  
  172  12:12  Supply Depot  
  172  12:13  Supply Depot  
  172  12:17  Supply Depot  
  172  12:18  Supply Depot  
  164  12:33  Marine  
  164  12:34  Marine x2  
  164  12:35  Widow Mine x2  
  171  12:40  SCV  
  172  12:49  Medivac x6  
  184  12:52  SCV  
  184  12:56  Widow Mine x2  
  189  13:11  Factory  
  189  13:14  Factory  
  174  13:20  Widow Mine x2  
  161  13:41  Widow Mine  
  161  13:44  Terran Vehicle Weapons Level 2  
  161  13:45  Terran Vehicle And Ship Armor Level 2  
  161  13:47  Terran Infantry Armor Level 3, Terran Infantry Weapons Level 3  
  161  13:50  Infernal Pre-Igniter  
  161  13:52  Smart Servos  
  161  14:00  Marine x2, Marauder x3  
  169  14:07  Factory Tech Lab x2  
  169  14:18  Marine x2  
  169  14:21  Marauder  
  173  14:25  Marauder  
  173  14:28  Thor  
  172  14:36  Thor  
  151  15:07  Missile Turret  
  151  15:13  Marine x5  
  156  15:27  Missile Turret  
  156  15:29  Missile Turret  
  156  15:30  Missile Turret  
  156  15:31  Marine x5  
  159  15:35  Missile Turret  
  159  15:37  Missile Turret  
  152  15:44  Missile Turret  
  152  15:52  Thor x3  
  170  16:01  Missile Turret x2  
  170  16:03  Supply Depot  
  170  16:04  Missile Turret  
  170  16:05  Supply Depot  
  170  16:07  Supply Depot  
  170  16:09  Supply Depot x2  
  170  16:10  Supply Depot, Terran Vehicle And Ship Armor Level 3, Terran Vehicle Weapons Level 3  
  170  16:25  Thor  
  176  16:35  Widow Mine x2  
  176  16:36  Widow Mine  
  182  16:46  Marauder x3  
  188  16:47  Command Center  
  188  16:48  Marine  
  189  16:57  Widow Mine x3  
  195  17:07  Marauder  
  195  17:08  Marauder  
  199  17:26  Marine  
  200  17:56  Missile Turret  
  200  17:59  Missile Turret  
  200  18:00  Orbital Command  
  200  18:01  Missile Turret  
  200  18:03  Missile Turret  
  200  18:07  Missile Turret  
  200  18:20  Missile Turret  
  200  18:30  Missile Turret  
  193  18:40  Missile Turret  
  193  18:58  Refinery  
  193  19:01  Missile Turret  
  191  19:18  Barracks x2  
  191  19:20  Marauder x2, Marine x3  
  191  19:21  Missile Turret  
  198  19:38  Marine x2  
  200  19:41  Missile Turret  
  181  19:55  Siege Tank, Marine  
  181  19:56  Siege Tank x3, Marine  
  195  20:26  Barracks  
  195  20:36  Missile Turret  
  195  20:53  Barracks Reactor  
  186  20:57  Missile Turret  
  186  21:03  Thor x4  
  198  21:07  Marine x2  
  200  21:18  Barracks Reactor  
  200  21:19  Missile Turret  
  200  21:20  Missile Turret  
  200  21:41  Missile Turret  
  177  22:02  Missile Turret  
  177  22:03  Command Center  
  177  22:05  Missile Turret  
  177  22:06  Missile Turret  
  177  22:09  Orbital Command  
  177  22:13  Marine x4, Marauder x3  
  177  22:14  Marine x2  
  189  22:22  Terran Ship Weapons Level 1  
  189  22:25  Missile Turret  
  189  22:31  Marine x5  
  189  22:32  Marine  
  189  22:34  Marauder x2  
  191  23:19  Refinery  
  191  23:20  Orbital Command  
  191  23:23  Refinery  
  191  23:32  Command Center  
  191  23:36  Command Center  
  171  24:41  Thor  
  171  24:42  Thor x3  
  185  25:02  SCV  
  186  25:14  SCV  
  187  25:22  Terran Ship Weapons Level 2  
  187  25:26  Orbital Command, SCV  
  215  25:28  Orbital Command  
  150  26:21  Barracks  
  150  26:23  Barracks  
  150  26:24  Barracks  
  150  26:25  Barracks  
  150  26:29  Barracks  
  150  26:33  Barracks  
  134  27:16  Hellbat x4  
  142  27:23  Marauder x3  
  142  27:24  Marine x6  
  154  27:31  Barracks Reactor x2  
  154  27:37  Hellbat x2  
  154  27:38  Hellbat x2  
  154  27:42  Marine x6  
  168  27:44  Marauder x2  
  168  27:45  Marauder  
  174  27:52  Barracks  
  174  27:54  Barracks x2  
  174  27:57  Barracks  
  174  27:59  Hellbat x4, Marine x2  
  174  28:00  Marine x3  
  174  28:04  Barracks  
  187  28:06  Missile Turret, Marauder x3  
  187  28:08  Missile Turret  
  187  28:12  Bunker  
  190  28:20  Hellbat x4  
  196  28:27  Marauder x2  
  196  28:29  Missile Turret  
  192  28:41  Thor, Hellbat  
  192  28:48  Barracks Tech Lab x3  
  200  28:50  Barracks Reactor  
  200  28:51  Barracks Reactor  
  186  30:11  Command Center  
  186  30:23  Thor  
  186  30:24  Thor  
  186  30:26  Command Center  
  186  30:27  Marine x2  
  197  30:57  Supply Depot  
  197  31:21  Supply Depot  
  197  31:48  Marauder  
  197  31:51  Marine  
  197  31:53  Supply Depot  
  200  31:55  Orbital Command  
  200  32:05  Orbital Command  
  200  32:10  Missile Turret  
  192  32:22  Supply Depot  
  165  32:24  Hellbat  
  165  32:25  Hellbat x3  
  171  32:40  Marauder  
  171  32:41  Marine x5, Marauder x5  
  171  32:42  Marine x4  
  171  32:43  Marine  
  193  32:45  Supply Depot  
  193  32:46  Hellbat x3  
  144  33:42  Marauder x2  
  144  33:43  Marine x3, Marauder x4  
  144  33:44  Marine x8  
  144  33:45  Marine x3  
  162  33:57  Thor x2  
  162  34:01  Marine x4  
  162  34:02  Marine x8  
  183  34:03  Marine x4  
  183  34:04  Marauder, Marine  
  183  34:49  Orbital Command  
  150  35:04  Marauder x2  
  150  35:05  Marauder x3, Marine x8  
  150  35:06  Marine x4  
  160  35:20  Marine x2, Marauder  
  158  35:22  Marine  
  158  35:23  Marine x9  
  158  35:24  Marine x2  
  158  35:26  Marine, Marauder x4  
  162  35:38  Marine x2  
  162  35:40  Marine x3  
  157  35:57  Refinery  
  157  36:00  Orbital Command  
  157  36:20  Orbital Command  
  157  36:44  Refinery  
  157  36:46  Refinery  
  157  36:49  Thor  
  157  36:51  Thor  
  169  37:20  Thor x2  
  181  37:29  Marauder x2  
  191  37:30  Marauder x3  
  191  37:32  Siege Tank, Marauder  
  191  37:33  Marine x2  
  191  37:35  Hellbat  
  150  39:48  Marauder x4  
  150  39:49  Marauder x2  
  150  39:50  Marine x6  
  150  39:51  Marine x8  
  176  39:53  Hellbat  
  176  39:54  Hellbat x3  
  184  40:08  Marine x3  
  184  40:09  Marauder  
  184  40:10  Marauder x5  
Show
View Real Time Build Order
Export as new Build Order

demzi Zerg 

Build Orders: Hatch First 

Get SALT Encoding   

  12  0:00  Drone  
  13  0:12  Overlord  
  13  0:17  Drone  
  14  0:31  Drone x2  
  16  0:51  Hatchery  
  16  0:52  Drone  
  16  0:56  Drone  
  17  1:00  Drone  
  17  1:02  Extractor  
  17  1:17  Spawning Pool  
  16  1:20  Drone  
  16  1:23  Drone  
  18  1:28  Drone  
  19  1:40  Drone  
  20  1:50  Overlord  
  20  2:04  Zergling x4  
  20  2:05  Queen  
  20  2:06  Queen  
  26  2:13  Zergling x2  
  26  2:14  Zergling x2  
  28  2:23  Drone  
  28  2:24  Drone  
  30  2:32  Drone  
  30  2:35  Drone  
  32  2:46  Drone  
  32  2:48  Overlord  
  33  2:56  Drone  
  34  3:00  Drone  
  34  3:05  Drone  
  36  3:15  Lair  
  36  3:18  Drone x7  
  43  3:25  Overlord  
  43  3:29  Overlord  
  43  3:31  Hatchery  
  42  3:34  Extractor  
  42  3:36  Drone x2  
  42  3:37  Extractor  
  42  3:42  Drone  
  43  3:48  Drone x2  
  43  3:49  Drone  
  43  3:50  Drone x2  
  43  3:53  Drone  
  49  3:56  Queen  
  51  4:11  Roach Warren  
  51  4:14  Drone x2  
  51  4:15  Drone, Evolution Chamber  
  52  4:17  Evolution Chamber  
  52  4:21  Drone x2  
  52  4:22  Drone x4  
  57  4:26  Overlord  
  57  4:29  Overlord  
  57  4:43  Drone x4  
  61  4:48  Zerg Missile Weapons Level 1  
  61  4:49  Zerg Ground Armor Level 1  
  61  4:51  Glial Reconstitution  
  61  4:55  Overlord x2  
  61  5:00  Roach x2  
  61  5:01  Roach  
  61  5:02  Roach  
  61  5:07  Extractor, Drone x3  
  71  5:15  Drone x2  
  71  5:16  Drone x2  
  71  5:19  Drone  
  76  5:26  Drone x2  
  76  5:27  Drone  
  79  5:30  Drone x3  
  79  5:31  Extractor, Drone  
  79  5:34  Overlord x2  
  82  5:36  Drone  
  83  5:47  Roach x4  
  83  5:48  Roach  
  93  5:50  Hatchery  
  92  5:57  Overlord x2  
  92  6:03  Hydralisk Den  
  91  6:04  Roach  
  91  6:05  Roach x6  
  105  6:17  Roach x5  
  115  6:19  Overlord  
  115  6:25  Overlord x3  
  115  6:33  Roach  
  115  6:34  Roach x4  
  125  6:41  Overlord x4  
  125  6:50  Ravager x7  
  125  6:51  Hydralisk  
  125  6:53  Overlord x2  
  134  7:07  Drone x10  
  144  7:10  Queen  
  144  7:12  Drone  
  144  7:13  Drone x4  
  151  7:21  Roach  
  151  7:22  Roach x2  
  157  7:23  Ravager  
  157  7:24  Ravager  
  157  7:25  Ravager x3  
  162  7:33  Drone x2, Overlord  
  162  7:35  Extractor  
  162  7:36  Drone x2  
  166  7:37  Drone  
  166  7:38  Drone x3  
  166  7:39  Extractor  
  166  7:42  Drone x3  
  171  7:50  Muscular Augments  
  171  7:53  Zerg Missile Weapons Level 2  
  171  7:54  Zerg Ground Armor Level 2  
  171  7:55  Roach x3  
  171  7:56  Roach  
  179  8:04  Drone x3  
  179  8:05  Drone, Extractor  
  182  8:14  Roach  
  182  8:15  Roach x8  
  158  8:52  Roach  
  158  8:53  Roach x22  
  173  9:35  Ravager x3  
  173  9:36  Ravager x3  
  179  9:43  Roach  
  179  9:44  Roach x9  
  184  10:03  Zergling x2  
  184  10:04  Zergling x30  
  132  10:32  Roach x3  
  132  10:33  Roach x9  
  152  10:53  Baneling Nest  
  151  10:57  Hydralisk  
  151  10:58  Hydralisk x8  
  151  10:59  Hydralisk x4  
  152  11:32  Spire  
  151  11:56  Roach  
  151  11:57  Hydralisk x3, Roach x9  
  151  11:58  Hydralisk x11  
  178  12:24  Roach x2  
  178  12:25  Roach x8  
  186  12:39  Roach x7  
  166  13:29  Mutalisk  
  166  13:30  Mutalisk x7  
  166  13:31  Mutalisk x7  
  166  13:32  Mutalisk x2  
  170  14:41  Roach x10  
  170  14:42  Roach x8  
  158  14:54  Hydralisk  
  158  14:55  Hydralisk x9  
  162  15:09  Roach x4  
  162  15:12  Ravager  
  171  15:14  Ravager x3  
  171  15:15  Ravager  
  175  15:26  Roach  
  175  15:27  Roach x4  
  185  15:29  Ravager  
  163  15:46  Hydralisk  
  163  15:47  Hydralisk x14  
  187  16:28  Hatchery  
  186  16:35  Hatchery  
  183  17:02  Hatchery  
  182  17:25  Extractor  
  182  17:26  Drone x3  
  182  17:27  Drone x3  
  182  17:28  Extractor  
  186  17:49  Queen  
  188  17:52  Queen  
  190  18:03  Unknown, Drone x3  
  138  18:36  Roach  
  138  18:37  Roach x29  
  138  18:38  Roach x2  
  184  18:43  Roach  
  184  18:44  Roach x7  
  186  19:44  Roach  
  186  19:45  Roach x25  
  200  19:46  Roach  
  180  20:04  Ravager x7  
  180  20:05  Ravager  
  188  20:23  Overlord  
  188  20:26  Extractor  
  188  20:28  Drone x4  
  190  20:29  Drone x2, Extractor  
  130  20:59  Roach x4  
  130  21:00  Roach x29  
  130  21:01  Roach x6  
  170  22:00  Roach  
  170  22:01  Roach x20  
  152  22:02  Roach x11  
  191  22:18  Drone x5  
  196  22:31  Queen  
  196  22:32  Hatchery  
  171  22:56  Roach  
  171  22:57  Roach x17  
  171  22:58  Roach x14  
  183  23:02  Roach  
  183  23:03  Roach x3  
  185  23:06  Queen  
  187  23:20  Zergling x12  
  187  23:21  Zergling x14  
  200  23:48  Centrifugal Hooks  
  200  23:53  Baneling x9  
  200  23:54  Baneling x17  
  155  24:34  Zergling x2  
  155  24:35  Zergling x58  
  155  24:36  Zergling x2  
  148  25:00  Roach x13  
  148  25:01  Roach x10  
  192  25:15  Extractor  
  192  25:17  Extractor  
  192  25:19  Baneling  
  192  25:20  Baneling x28  
  192  25:21  Baneling x30  
  190  25:22  Baneling x3  
  142  26:00  Zergling x4  
  142  26:01  Zergling x58  
  142  26:02  Zergling x10  
  157  26:22  Drone x3  
  157  26:23  Drone  
  157  26:25  Queen  
  163  26:39  Baneling  
  163  26:40  Baneling x22  
  163  26:41  Baneling x28  
  163  26:42  Baneling x21  
  163  26:44  Roach x8  
  163  26:45  Roach x10  
  155  27:10  Roach  
  155  27:11  Roach x22  
  200  27:25  Zerg Melee Weapons Level 1  
  146  28:31  Roach x13  
  146  28:32  Roach x27  
  198  28:58  Hatchery  
  185  29:52  Roach  
  167  29:53  Roach x17  
  197  30:14  Extractor x2  
  195  30:23  Drone x2  
  185  30:40  Roach  
  185  30:41  Roach x20  
  185  30:42  Roach x13  
  185  30:56  Queen  
  187  31:04  Zergling x2  
  187  31:05  Zergling x24  
  198  31:44  Baneling x8  
  198  31:45  Baneling x13  
  187  32:20  Roach x11  
  187  32:21  Roach x12  
  187  32:22  Roach x2  
  167  32:38  Zergling x2  
  167  32:39  Zergling x58  
  167  32:40  Zergling x6  
  178  33:17  Baneling  
  178  33:18  Baneling x18  
  178  33:19  Baneling x22  
  168  33:20  Baneling x9  
  153  33:40  Zergling x12  
  153  33:41  Zergling x52  
  125  33:58  Roach x8  
  138  34:03  Baneling x12  
  138  34:04  Baneling x10  
  138  34:07  Roach x6  
  136  34:38  Roach  
  136  34:39  Roach x20  
  155  35:00  Roach  
  155  35:01  Roach x17  
  155  35:02  Hatchery  
  152  35:26  Roach  
  152  35:27  Roach x24  
  154  36:05  Drone  
  155  36:24  Hatchery  
  150  36:58  Hatchery  
  111  37:23  Drone x2  
  111  37:24  Drone x2  
  111  37:25  Drone x6  
  111  37:28  Extractor  
  120  37:31  Extractor  
  120  37:35  Extractor  
  118  37:39  Extractor  
  117  38:19  Drone x3  
  120  38:20  Drone x3  
  120  38:21  Extractor, Drone x3  
  120  38:22  Drone  
  120  38:24  Extractor  
  125  38:48  Zergling x2  
  125  38:49  Zergling x36  
  125  38:50  Zergling x12  
  150  39:03  Zergling x22  
  150  39:04  Zergling x2  
  158  39:17  Baneling  
  158  39:18  Baneling x22  
  158  39:19  Baneling x17  
  108  39:39  Roach x3  
  108  39:40  Roach x8  
  109  40:03  Zergling x2  
  109  40:04  Zergling x36  
  109  40:06  Zergling x2  
  129  40:07  Zergling x2  
  125  40:27  Baneling  
  125  40:28  Baneling x6  
  122  40:29  Baneling x6  
  122  40:31  Baneling x5  
  122  40:32  Baneling  
  122  40:33  Roach x7  
Tags
 
Add a new tag
Caveats
  • Supply blocks, unpowered buildings, or Contaminate may cause inaccurate times.
  • Supply counts are checked every 10 seconds.